 Dungeon Crawl Stone Soup version 0.30-a0-224-ge52a3cb02f (webtiles) character file.

Game seed: 13040969050102503120

1502 qw the Cleaver (level 8, -1/51 HPs)
             Began as a Gargoyle Fighter on Oct 9, 2022.
             Was a Follower of Okawaru.
             Slain by an unseen horror (6 damage)
             ... on level 6 of the Dungeon.
             The game lasted 00:02:15 (5088 turns).

qw the Cleaver (Gargoyle Fighter)                   Turns: 5088, Time: 00:02:15

Health: -1/51      AC: 19    Str: 21      XL:     8   Next: 82%
Magic:  9/9        EV:  7    Int: 10      God:    Okawaru [*.....]
Gold:   372        SH:  4    Dex:  7 (9)  Spells: 7/7 levels left

rFire   . . .      SeeInvis .    Y - +0 war axe
rCold   + . .      Faith    .    c - +0 buckler
rNeg    + . .      Spirit   .    m - +0 chain mail
rPois   inf        Reflect  .    (no helmet)
rElec   +          Harm     .    j - +0 cloak
rCorr   .          Rampage  .    (no gloves)
Will    .....                    k - +2 pair of boots
Stlth   ..........               (no amulet)
HPRegen 0.28/turn                p - ring of protection from cold
MPRegen 0.11/turn                (no ring)

@: no status effects
A: sickness immunity, AC +5, negative energy resistance 1, electricity
resistance, torment resistance 1, petrification resistance, low MP 1
a: Renounce Religion, Heroism


You were on level 6 of the Dungeon.
You worshipped Okawaru.
Okawaru was aware of your devotion.
You visited 2 branches of the dungeon, and saw 7 of its levels.

You collected 372 gold pieces.


Innate Abilities, Weirdness & Mutations

You are immune to sickness and miasma.
Your stone body is resilient. (AC +5)
You are immune to poison.
You resist negative energy. (rN+)
You are resistant to electric shocks. (rElec)
You are resistant to unholy torment.
You are immune to petrification.
Your magical capacity is low. (-10% MP)


   Skills:
 + Level 5.9 Fighting
 - Level 8.1 Axes
 - Level 4.1 Armour
 - Level 1.7 Dodging
 - Level 3.2 Shields
 + Level 2.7 Invocations


You had 7 spell levels left.
You didn't know any spells.
Your spell library was empty.

Inventory:

Hand Weapons
 i - a +0 morningstar of venom
 Y - a +0 war axe (weapon)
Armour
 c - a +0 buckler (worn)
 j - a +0 cloak (worn)
 k - a +2 pair of boots (worn)
 m - a +0 chain mail (worn)
Jewellery
 p - a ring of protection from cold (left hand)
Scrolls
 h - a scroll of identify
 q - a scroll of enchant weapon {unknown}
Potions
 a - 2 potions of attraction {unknown}
 b - a potion of lignification
 d - 2 potions of might
 e - 2 potions of curing
 f - a potion of mutation
 g - a potion of invisibility {unknown}
 l - a potion of cancellation {unknown}
 n - a potion of berserk rage {unknown}
 o - a potion of haste

Dungeon Overview and Level Annotations

Branches:
Dungeon (6/15)             Temple (1/1) D:5

Altars:
Ashenzari
Cheibriados
Dithmenos
Fedhas
Gozag
Hepliaklqana
Kikubaaqudgha
Makhleb
Nemelex Xobeh
Okawaru
Qazlal
Ru
Sif Muna
Uskayaw
Vehumet
Wu Jian
Xom
Yredelemnul
Zin
The Shining One


Message History

You closely miss something. Something hits you!
You swing at nothing.
Something hits you but does no damage.
You swing at nothing.
You barely miss something. Something completely misses you. Something hits you.
Something hits you but does no damage.
You barely miss something. You block something's attack.
You barely miss something. You block something's attack.
Something hits you but does no damage.
You slash something! Something hits you but does no damage.
You swing at nothing.
Something hits you. Something hits you but does no damage.
You closely miss something. You block something's attack. Something hits you.
Something hits you but does no damage.
You closely miss something. Something hits you.
You miss something. Something hits you but does no damage.
You block something's attack.
You hit something but do no damage. Something completely misses you.
You swing at nothing.
Something hits you!
You swing at nothing.
You barely miss something. Something hits you but does no damage.
Something hits you. Something hits you!
You closely miss something. Something completely misses you.
Something hits you but does no damage. Something hits you.
You closely miss something.
Something hits you but does no damage. x2
You slash something! Something hits you. Something hits you but does no damage.
You swing at nothing.
Something hits you.
You die...

# .# ##################{.##.#
................@{....# #####
##################..##.# #...#
############ ## #.#.#
#....(.....# ### ####.#.#
#..........# #.###...##.#
#..........#######.##..##...#
#..........##..............##
####.............####.##>.....###
........<........................


There were no monsters in sight!

Vanquished Creatures
  3 ice beasts
  3 ogres
  A phantom (D:5)
  2 scorpions
  5 wights
  A howler monkey (D:5)
  An orc priest (D:5)
  4 hounds
  2 iguanas (D:4)
  7 gnolls
  10 adders
  2 ufetubi
  4 worms
  A dart slug (D:2)
  14 orcs
  6 endoplasms
  3 giant cockroaches
  11 goblins
  12 hobgoblins
  6 jackals (D:3)
  2 quokkas
  7 ball pythons
  7 bats
  3 frilled lizards
  6 kobolds
  2 rats
125 creatures vanquished.

Notes
Turn   | Place    | Note
-------+----------+-------------------------------------------
     0 | D:1      | qw the Gargoyle Fighter began the quest for the Orb.
     0 | D:1      | Reached XP level 1. HP: 14/14 MP: 1/1
     0 | D:1      | 0 ||| qw: Version: 0.2-a-17-g06abaee
     0 | D:1      | 0 ||| qw: Game counter: 2280
     0 | D:1      | 0 ||| qw: Always use a shield: true
     0 | D:1      | 0 ||| qw: God list: Okawaru
     0 | D:1      | 0 ||| qw: Allow faded altars: false
     0 | D:1      | 0 ||| qw: Do Orc after D:15 true
     0 | D:1      | 0 ||| qw: Do second Lair branch before Depths: true
     0 | D:1      | 0 ||| qw: Lair rune preference: random
     0 | D:1      | 0 ||| qw: Plans: Normal, Zot:1-4, God:TSO, Crypt, Tomb,
                  | Pan, Slime:5, Hells, Abyss, Orb
     0 | D:1      | 0 ||| PLANNING D:1-11
    69 | D:1      | Reached skill level 2 in Axes
   242 | D:1      | Reached XP level 2. HP: 19/19 MP: 2/2
   778 | D:1      | 778 ||| UPGRADING to +0 cloak.
   783 | D:1      | 783 ||| UPGRADING to +2 pair of boots.
   788 | D:1      | 788 ||| UPGRADING to +0 chain mail.
   798 | D:1      | 798 ||| DROPPING +0 scale mail.
   799 | D:1      | 799 ||| READING scroll labelled ENKERPHETEKO.
   800 | D:1      | 800 ||| READING 2 scrolls labelled MEGGUG XONK.
   813 | D:1      | 813 ||| READING scroll labelled BAGITU MUPS.
   814 | D:1      | 814 ||| DRINKING 2 red potions.
   815 | D:1      | 815 ||| DROPPING scroll of torment.
   865 | D:2      | 865 ||| STAIRDANCE
   870 | D:2      | Reached skill level 3 in Axes
   898 | D:2      | Reached XP level 3. HP: 23/23 MP: 3/3
  1125 | D:2      | 1125 ||| Stepping ~*~*~tactically~*~*~ (stealth).
  1138 | D:2      | Reached XP level 4. HP: 26/28 MP: 4/4
  1292 | D:2      | 1292 ||| READING 2 scrolls labelled MEDIDU PIYSEQ.
  1293 | D:2      | 1293 ||| READING scroll labelled LIGANOGRET.
  1294 | D:2      | 1294 ||| DRINKING 2 glowing yellow potions.
  1315 | D:2      | 1315 ||| DRINKING 2 fizzy golden potions.
  1315 | D:2      | Gained mutation: Your magical capacity is low. (-10% MP)
                  | [potion of mutation]
  1316 | D:2      | 1316 ||| DROPPING scroll of vulnerability.
  1366 | D:3      | 1366 ||| DROPPING +0 club.
  1375 | D:3      | Reached skill level 4 in Axes
  1490 | D:3      | 1490 ||| Stepping ~*~*~tactically~*~*~ (hiding).
  1493 | D:3      | 1493 ||| Stepping ~*~*~tactically~*~*~ (hiding).
  1929 | D:3      | Found an ancient bone altar of Kikubaaqudgha.
  2000 | D:3      | 2000 ||| Stepping ~*~*~tactically~*~*~ (stealth).
  2001 | D:3      | 2001 ||| Stepping ~*~*~tactically~*~*~ (stealth).
  2003 | D:3      | 2003 ||| Stepping ~*~*~tactically~*~*~ (stealth).
  2012 | D:3      | Reached XP level 5. HP: 32/32 MP: 4/4
  2049 | D:3      | 2049 ||| Stepping ~*~*~tactically~*~*~ (stealth).
  2051 | D:3      | 2051 ||| Stepping ~*~*~tactically~*~*~ (stealth).
  2262 | D:3      | 2262 ||| DROPPING +0 whip.
  2351 | D:3      | 2351 ||| DROPPING +2 mace of protection.
  2474 | D:3      | 2474 ||| UPGRADING to ring of protection from cold.
  2475 | D:3      | 2475 ||| DRINKING 2 golden potions.
  2476 | D:3      | 2476 ||| DRINKING 2 blue potions.
  2477 | D:3      | 2477 ||| DROPPING potion of flight.
  2553 | D:4      | Reached skill level 5 in Axes
  2570 | D:4      | 2570 ||| Stepping ~*~*~tactically~*~*~ (stealth).
  2671 | D:4      | Noticed an ogre
  2672 | D:4      | 2672 ||| Stepping ~*~*~tactically~*~*~ (stealth).
  2673 | D:4      | 2673 ||| Stepping ~*~*~tactically~*~*~ (stealth).
  2686 | D:4      | HP: 7/33 [ogre/+0 giant club (6)]
  2687 | D:4      | 2687 ||| DRINKING potion of heal wounds.
  2688 | D:4      | Killed an ogre
  2689 | D:4      | Reached XP level 6. HP: 40/40 MP: 5/5
  2821 | D:4      | Found an iron altar of Okawaru.
  2948 | D:4      | 2948 ||| Stepping ~*~*~tactically~*~*~ (stealth).
  2958 | D:4      | 2958 ||| Stepping ~*~*~tactically~*~*~ (stealth).
  3056 | D:4      | HP: 8/40 [ogre/+0 giant club (22)]
  3057 | D:4      | 3057 ||| DRINKING potion of heal wounds.
  3100 | D:4      | 3100 ||| Stepping ~*~*~tactically~*~*~ (stealth).
  3120 | D:4      | 3120 ||| Stepping ~*~*~tactically~*~*~ (stealth).
  3125 | D:4      | Reached skill level 6 in Axes
  3125 | D:4      | Reached XP level 7. HP: 35/44 MP: 6/6
  3328 | D:4      | You fall into a shaft and drop 1 floor!
  3328 | D:5      | Entered Level 5 of the Dungeon
  3328 | D:5      | Found a staircase to the Ecumenical Temple.
  3329 | D:5      | 3329 ||| PLANNING TEMPLE
  3329 | D:5      | 3329 ||| READING 2 scrolls of identify.
  3329 | D:5      | 3329 ||| IDENTIFYING lumpy yellow potion
  3330 | D:5      | 3330 ||| Stepping ~*~*~tactically~*~*~ (stealth).
  3341 | D:5      | Reached skill level 1 in Dodging
  3430 | D:5      | 3430 ||| DROPPING potion of ambrosia.
  3434 | Temple   | Entered the Ecumenical Temple
  3657 | Temple   | 3657 ||| PLANNING D:1-11
  3741 | D:5      | Reached skill level 7 in Axes
  3751 | D:5      | 3751 ||| DROPPING orb of energy.
  3803 | D:4      | 3803 ||| PLANNING OKAWARU WORSHIP
  3803 | D:4      | Became a worshipper of Warmaster Okawaru
  3804 | D:4      | 3804 ||| PLANNING D:1-11
  3939 | D:5      | 3939 ||| STAIRDANCE
  4055 | D:5      | Reached XP level 8. HP: 37/49 MP: 7/7
  4121 | D:5      | Found a sacrificial altar of Ru.
  4185 | D:5      | Found an opulent altar of Gozag.
  4488 | D:5      | HP: 3/49 [ogre/+0 giant spiked club (13)]
  4489 | D:5      | 4489 ||| DRINKING potion of heal wounds.
  4677 | D:5      | 4677 ||| DRINKING 2 bubbling brown potions.
  4678 | D:5      | 4678 ||| DROPPING potion of degeneration.
  4709 | D:6      | 4709 ||| STAIRDANCE
  4720 | D:6      | Reached * piety under Okawaru
  4721 | D:6      | Reached skill level 8 in Axes
  4769 | D:6      | Reached skill level 1 in Invocations
  4812 | D:6      | 4812 ||| INVOKING Heroism.
  4866 | D:6      | 4866 ||| DROPPING +0 flail.
  5084 | D:6      | HP: 9/51 [something (9)]
  5088 | D:6      | Slain by an unseen horror

Levels and vault maps discovered:
D:1:      nzn_arrival_crosshair, layout_loops_ring
D:2:      layout_rooms, amcnicky_mini_pool_small
D:3:      minmay_chambers_of_twos, layout_loops_corners,
          nicolae_kikubaaqudgha_miasma_corner, minmay_misc_feat_hallway,
          minivault_19
D:4:      cheibrodos_greedy_goblins, layout_loops_cross,
          mainiacjoe_overflow_six_doors_small
D:5:      layout_basic, overflow_temple_1_default, marbit_many_paths,
          minmay_temple_entry_mini_moons
D:6:      minmay_cornered_nines, layout_rooms, gammafunk_ghost_split
Temple:   minmay_temple_bridge_d

Skill      XL: |  1  2  3  4  5  6  7  8 |
---------------+-------------------------+-----
Axes           | 2 3 4 5 6 7 8 |  8.1
Fighting       | 4 5 |  5.9
Dodging        | 1 |  1.7
Armour         | 4 |  4.1
Invocations    | 2 |  2.7
Shields        | |  3.2

Action                   |  1- 3 |  4- 6 |  7- 9 || total
-------------------------+-------+-------+-------++-------
Melee: War axe           |    79 |   191 |   135 ||   405
Invok: Heroism           |       |       |     1 ||     1
  Use: Scroll            |     3 |     2 |     1 ||     6
       Potion            |     1 |     6 |     2 ||     9
Armor: Scale mail        |    22 |       |       ||    22
       Chain mail        |    13 |   117 |   128 ||   258
Dodge: Dodged            |    35 |    58 |    61 ||   154
Block: Buckler           |    16 |    40 |    29 ||    85

Table legend:
 A = Non-vault XP
 B = Vault XP
 C = Vault XP percentage of total XP
 D = Non-vault monster count
 E = Vault monster count
 F = Vault count percentage of total count
                 A         B        C        D         E       F
            +---------+---------+-------+---------+---------+-------
      Total |    2050 |      96 |   4.5 |     108 |      17 |  13.6
            +---------+---------+-------+---------+---------+-------
        D:1 |      28 |       0 |   0.0 |      18 |       0 |   0.0
        D:2 |      62 |       0 |   0.0 |      17 |       0 |   0.0
        D:3 |      82 |      27 |  24.8 |      24 |       8 |  25.0
        D:4 |     448 |      14 |   3.0 |      18 |       8 |  30.8
        D:5 |     906 |      55 |   5.7 |      23 |       1 |   4.2
        D:6 |     524 |       0 |   0.0 |       8 |       0 |   0.0
            +---------+---------+-------+---------+---------+-------
